EVO
UNIVERSITY OF ILLINOIS FIGHTING ILLINI @ WASHINGTON STATE UNIVERSITY COUGARS
09/02/2049
 
TOP OF THE 1ST
University of Illinois Fighting Illini batting - Pitching for Washington State University Cougars : RHP Felix Cruz
Pitching: RHP Felix Cruz
Batting: SHB Ryan Marsh 0-0: Ball
1-0: Ball
2-0: Ground out U3 (Groundball, 3L, EV 109.4 MPH)
Batting: RHB James Lewis 0-0: Ball
1-0: Ball
2-0: Ball
3-0: Called Strike
3-1: Bunt for hit to 15S - play at first, batter OUT! 1-3
Batting: LHB Stuart Parker 0-0: Called Strike
0-1: Fly out, F9 (Flyball, 9D, EV 90.0 MPH)
Top of the 1st over - 0 runs, 0 hits, 0 errors, 0 left on base; University of Illinois 0 - Washington State University 0
BOTTOM OF THE 1ST
Washington State University Cougars batting - Pitching for University of Illinois Fighting Illini : RHP Luis Pena
Pitching: RHP Luis Pena
Batting: LHB David Jackson 0-0: Ball
1-0: Swinging Strike
1-1: Ball
2-1: Foul Ball, location: 2F
2-2: Foul Ball, location: 2F
2-2: Foul Ball, location: 2F
2-2: Ball
3-2: Fly out, F8 (Flyball, 8RD, EV 79.4 MPH)
Batting: RHB Miguel Paredes 0-0: Ball
1-0: Foul Ball, location: 2F
1-1: Swinging Strike
1-2: Foul Ball, location: 2F
1-2: DOUBLE (Line Drive, 78D, EV 111.9 MPH)
Batting: LHB Scott Spillers 0-0: Called Strike
0-1: Fly out, F8 (Flyball, 8LD, EV 103.1 MPH)
Runner from 2nd tags up, SAFE at 3rd with throw by CF
Batting: SHB Juan Delanoval 0-0: Foul Ball, location: 2F
0-1: 2-RUN HOME RUN (Flyball, 9D, EV 100.0 MPH), Distance : 397 ft
Batting: LHB Israel Ariza 0-0: Foul Ball, location: 2F
0-1: Ball
1-1: Swinging Strike
1-2: Ball
2-2: Fly out, F9 (Flyball, 9S, EV 86.9 MPH)
Bottom of the 1st over - 2 runs, 2 hits, 0 errors, 0 left on base; University of Illinois 0 - Washington State University 2
TOP OF THE 2ND
University of Illinois Fighting Illini batting - Pitching for Washington State University Cougars : RHP Felix Cruz
Batting: RHB D.J. Sheldon 0-0: Called Strike
0-1: Fly out, F7 (Line Drive, 7LS, EV 86.2 MPH)
Batting: RHB Matt Lapthorne 0-0: Called Strike
0-1: SINGLE (Groundball, 6MD, EV 105.6 MPH)
Batting: RHB Lance Borgen 0-0: Ball
1-0: Called Strike
1-1: Ball
2-1: Called Strike
2-2: Strikes out swinging
Batting: RHB Omar Cruz 0-0: Fly out, F9 (Flyball, 89S, EV 87.5 MPH)
Top of the 2nd over - 0 runs, 1 hit, 0 errors, 1 left on base; University of Illinois 0 - Washington State University 2
BOTTOM OF THE 2ND
Washington State University Cougars batting - Pitching for University of Illinois Fighting Illini : RHP Luis Pena
Batting: RHB Wil Gonzales 0-0: Called Strike
0-1: Ball
1-1: Swinging Strike
1-2: Fly out, F6 (Line Drive, 6, EV 69.4 MPH)
Batting: RHB Ron Essink 0-0: Foul Ball, location: 2F
0-1: Ball
1-1: Fly out, F7 (Line Drive, 78M, EV 90.0 MPH)
Batting: RHB Ryan Toth 0-0: Called Strike
0-1: Ball
1-1: DOUBLE (Flyball, 89XD, EV 100.0 MPH)
Batting: RHB Dave DeLaMater 0-0: Called Strike
0-1: Fly out, F8 (Line Drive, 8RM, EV 90.6 MPH)
Bottom of the 2nd over - 0 runs, 1 hit, 0 errors, 1 left on base; University of Illinois 0 - Washington State University 2
TOP OF THE 3RD
University of Illinois Fighting Illini batting - Pitching for Washington State University Cougars : RHP Felix Cruz
Batting: RHB Joe Kirschner 0-0: Foul Ball, location: 2F
0-1: Ball
1-1: Ground out 6-3 (Groundball, 6, EV 91.2 MPH)
Batting: RHB Bobby Merritt 0-0: Foul Ball, location: 2F
0-1: Ball
1-1: SINGLE (Line Drive, 8LS, EV 103.8 MPH)
Batting: SHB Ryan Marsh 0-0: Called Strike
0-1: Foul Ball, location: 2F
0-2: Ball
1-2: Strikes out swinging
Batting: RHB James Lewis 0-0: Ball
1-0: Ball
2-0: Foul Ball, location: 2F
2-1: Foul Ball, location: 2F
2-2: Strikes out looking
Top of the 3rd over - 0 runs, 1 hit, 0 errors, 1 left on base; University of Illinois 0 - Washington State University 2
BOTTOM OF THE 3RD
Washington State University Cougars batting - Pitching for University of Illinois Fighting Illini : RHP Luis Pena
Batting: LHB David Jackson 0-0: Ball
1-0: Swinging Strike
1-1: Foul Ball, location: 2F
1-2: Ground out 5-3 (Groundball, 56, EV 100.0 MPH)
Batting: RHB Miguel Paredes 0-0: Called Strike
0-1: Ground out 5-3 (Groundball, 56, EV 90.6 MPH)
Batting: LHB Scott Spillers 0-0: Ball
1-0: Foul Ball, location: 2F
1-1: Ball
2-1: Foul Ball, location: 2F
2-2: Reached on error, E6 (Groundball, 6, EV 101.9 MPH)
Pitching: LHP Andy Martin
Batting: SHB Juan Delanoval 0-0: Called Strike
0-1: Ball
1-1: Ball
2-1: Ball
3-1: DOUBLE (Flyball, 8RXD, EV 101.9 MPH)
Scott Spillers to third
Runner from 3rd tries for Home, SAFE, throw by CF to trailing runner, SAFE at third!
Batting: LHB Israel Ariza 0-0: Ball
1-0: Foul Ball, location: 2F
1-1: Ball
2-1: Ground out 4-3 (Groundball, 4, EV 86.9 MPH)
Bottom of the 3rd over - 1 run, 1 hit, 1 error, 1 left on base; University of Illinois 0 - Washington State University 3
TOP OF THE 4TH
University of Illinois Fighting Illini batting - Pitching for Washington State University Cougars : RHP Felix Cruz
Batting: LHB Stuart Parker 0-0: Ball
1-0: Called Strike
1-1: Called Strike
1-2: Ball
2-2: Strikes out swinging
Batting: RHB D.J. Sheldon 0-0: Ball
1-0: Called Strike
1-1: DOUBLE (Line Drive, 8RXD, EV 100.6 MPH)
Batting: RHB Matt Lapthorne 0-0: 2-RUN HOME RUN (Line Drive, 78XD, EV 110.0 MPH), Distance : 450 ft
Batting: RHB Lance Borgen 0-0: Ball
1-0: Called Strike
1-1: Ball
2-1: Called Strike
2-2: Ball
3-2: Foul Ball, location: 2F
3-2: Fly out, F6 (Popup, 6M, EV 52.5 MPH)
Batting: RHB Omar Cruz 0-0: Called Strike
0-1: Ball
1-1: Ball
2-1: Swinging Strike
2-2: SINGLE (Flyball, 8RS, EV 89.4 MPH)
Batting: RHB Joe Kirschner 0-0: Ground out 4-3 (Groundball, 34S, EV 67.5 MPH)
Top of the 4th over - 2 runs, 3 hits, 0 errors, 1 left on base; University of Illinois 2 - Washington State University 3
BOTTOM OF THE 4TH
Washington State University Cougars batting - Pitching for University of Illinois Fighting Illini : LHP Andy Martin
Batting: RHB Wil Gonzales 0-0: Ball
1-0: Ball
2-0: Ball
3-0: Called Strike
3-1: Foul Ball, location: 2F
3-2: Strikes out looking
Batting: RHB Ron Essink 0-0: Ball
1-0: Fly out, F8 (Flyball, 8RM, EV 100.0 MPH)
Batting: RHB Ryan Toth 0-0: Ball
1-0: DOUBLE (Line Drive, 7LM, EV 103.8 MPH)
Batting: RHB Dave DeLaMater 0-0: Ball
1-0: Foul Ball, location: 2F
1-1: Swinging Strike
1-2: Strikes out swinging
Bottom of the 4th over - 0 runs, 1 hit, 0 errors, 1 left on base; University of Illinois 2 - Washington State University 3
TOP OF THE 5TH
University of Illinois Fighting Illini batting - Pitching for Washington State University Cougars : RHP Felix Cruz
Batting: RHB Bobby Merritt 0-0: Ball
1-0: Ball
2-0: Ball
3-0: Called Strike
3-1: Fly out, F8 (Flyball, 8RM, EV 84.4 MPH)
Batting: SHB Ryan Marsh 0-0: Called Strike
0-1: Fly out, F7 (Flyball, 78M, EV 91.9 MPH)
Batting: RHB James Lewis 0-0: Ground out 6-3 (Groundball, 6, EV 81.2 MPH)
Top of the 5th over - 0 runs, 0 hits, 0 errors, 0 left on base; University of Illinois 2 - Washington State University 3
BOTTOM OF THE 5TH
Washington State University Cougars batting - Pitching for University of Illinois Fighting Illini : LHP Andy Martin
Batting: LHB David Jackson 0-0: Ball
1-0: Swinging Strike
1-1: Ball
2-1: Called Strike
2-2: Ball
3-2: Ground out 4-3 (Groundball, 4S, EV 82.5 MPH)
Batting: RHB Miguel Paredes 0-0: Ball
1-0: Ground out 6-3 (Groundball, 6M, EV 85.0 MPH)
Pitching: LHP Arturo Majana
Batting: LHB Scott Spillers 0-0: Ball
1-0: Foul Ball, location: 2F
1-1: Foul Ball, location: 2F
1-2: Foul Ball, location: 2F
1-2: Foul Ball, location: 2F
1-2: Foul Ball, location: 2F
1-2: Ball
2-2: Ground out 5-3 (Groundball, 56, EV 89.4 MPH)
Bottom of the 5th over - 0 runs, 0 hits, 0 errors, 0 left on base; University of Illinois 2 - Washington State University 3
TOP OF THE 6TH
University of Illinois Fighting Illini batting - Pitching for Washington State University Cougars : RHP Felix Cruz
Pitching: RHP Rogelio Perez
Batting: LHB Stuart Parker 0-0: Ball
1-0: Swinging Strike
1-1: Fly out, F8 (Flyball, 8RS, EV 90.0 MPH)
Batting: RHB D.J. Sheldon 0-0: Called Strike
0-1: Ball
1-1: Ball
2-1: Swinging Strike
2-2: Foul Ball, location: 2F
2-2: Foul Ball, location: 2F
2-2: Fly out, F9 (Flyball, 9D, EV 96.9 MPH)
Batting: RHB Matt Lapthorne 0-0: Ball
1-0: Ball
2-0: Called Strike
2-1: SINGLE (Line Drive, 89S, EV 102.5 MPH)
Batting: RHB Lance Borgen 0-0: Foul Ball, location: 2F
0-1: Called Strike
0-2: Ball
1-2: Fly out, F9 (Flyball, 9D, EV 103.1 MPH)
Top of the 6th over - 0 runs, 1 hit, 0 errors, 1 left on base; University of Illinois 2 - Washington State University 3
BOTTOM OF THE 6TH
Washington State University Cougars batting - Pitching for University of Illinois Fighting Illini : LHP Arturo Majana
Batting: SHB Juan Delanoval 0-0: Swinging Strike
0-1: Ball
1-1: Ball
2-1: SINGLE (Groundball, 6S, EV 70.0 MPH) (infield hit)
Batting: LHB Israel Ariza 0-0: Ball
1-0: Ball
2-0: SINGLE (Line Drive, 4D, EV 94.4 MPH)
Juan Delanoval to second
Runner from 2nd tries for 3rd, SAFE, no throw by CF
Batting: RHB Wil Gonzales 0-0: Ball
1-0: Ball
2-0: Called Strike
2-1: Ground out 6-3 (Groundball, 56S, EV 86.2 MPH)
Israel Ariza to second
Batting: RHB Ron Essink 0-0: Ball
1-0: Called Strike
1-1: SINGLE (Line Drive, 7S, EV 90.6 MPH)
Juan Delanoval scores
Israel Ariza to third
Batting: RHB Ryan Toth 0-0: Called Strike
0-1: Ground out 4-3 (Groundball, 34, EV 106.2 MPH)
Israel Ariza scores
Ron Essink to second
Pitching: LHP Ryan Bradshaw
Batting: RHB Dave DeLaMater 0-0: Ball
1-0: Called Strike
1-1: Ball
2-1: Foul Ball, location: 2F
2-2: Fly out, F7 (Flyball, 78M, EV 78.1 MPH)
Bottom of the 6th over - 2 runs, 3 hits, 0 errors, 1 left on base; University of Illinois 2 - Washington State University 5
TOP OF THE 7TH
University of Illinois Fighting Illini batting - Pitching for Washington State University Cougars : RHP Rogelio Perez
Pitching: RHP Jim Burbidge
Batting: RHB Omar Cruz 0-0: Called Strike
0-1: Ball
1-1: Ball
2-1: Ball
3-1: Ground out 5-3 (Groundball, 56S, EV 72.5 MPH)
Batting: RHB Joe Kirschner 0-0: Called Strike
0-1: Swinging Strike
0-2: Ball
1-2: Foul Ball, location: 2F
1-2: Reached on error, E4 (Groundball, 4S, EV 78.8 MPH)
Batting: RHB Bobby Merritt 0-0: Ball
1-0: Foul Ball, location: 2F
1-1: Foul Ball, location: 2F
1-2: SINGLE (Line Drive, 6D, EV 104.4 MPH)
Joe Kirschner to third
Runner from 3rd tries for Home, throw by LF and OUT! 7-2
Bobby Merritt to second
Batting: SHB Ryan Marsh 0-0: Ball
1-0: Ball
2-0: Ball
3-0: Called Strike
3-1: Ground out U3 (Groundball, 3, EV 100.0 MPH)
Top of the 7th over - 0 runs, 1 hit, 1 error, 1 left on base; University of Illinois 2 - Washington State University 5
BOTTOM OF THE 7TH
Washington State University Cougars batting - Pitching for University of Illinois Fighting Illini : LHP Ryan Bradshaw
Batting: LHB David Jackson 0-0: Ball
1-0: Swinging Strike
1-1: Ball
2-1: SINGLE (Groundball, 4MD, EV 96.9 MPH)
Batting: RHB Miguel Paredes 0-0: Bunt - Flyout to 15! F1
Batting: LHB Scott Spillers 0-0: Called Strike
0-1: Ball
1-1: Ball
2-1: Swinging Strike
2-2: SINGLE (Groundball, 6MD, EV 105.0 MPH)
David Jackson to second
Batting: SHB Juan Delanoval 0-0: Fly out, F9 (Flyball, 89M, EV 91.2 MPH)
Batting: LHB Israel Ariza 0-0: Ball
1-0: Ball
2-0: Called Strike
2-1: Called Strike
2-2: Strikes out swinging
Bottom of the 7th over - 0 runs, 2 hits, 0 errors, 2 left on base; University of Illinois 2 - Washington State University 5
TOP OF THE 8TH
University of Illinois Fighting Illini batting - Pitching for Washington State University Cougars : RHP Jim Burbidge
Pitching: RHP Manuel Santiago
Batting: RHB James Lewis 0-0: Called Strike
0-1: Swinging Strike
0-2: Strikes out swinging
Batting: LHB Stuart Parker 0-0: Swinging Strike
0-1: Called Strike
0-2: Strikes out swinging
Batting: RHB D.J. Sheldon 0-0: Foul Ball, location: 2F
0-1: Ball
1-1: SINGLE (Line Drive, 9LS, EV 105.0 MPH)
Batting: RHB Matt Lapthorne 0-0: Called Strike
0-1: Ball
1-1: Foul Ball, location: 2F
1-2: Foul Ball, location: 2F
1-2: Fielders Choice at 2nd, 6-4 (Groundball, 56, EV 108.8 MPH)
Top of the 8th over - 0 runs, 1 hit, 0 errors, 1 left on base; University of Illinois 2 - Washington State University 5
BOTTOM OF THE 8TH
Washington State University Cougars batting - Pitching for University of Illinois Fighting Illini : LHP Ryan Bradshaw
Pitching: LHP Adam Green
Batting: RHB Wil Gonzales 0-0: Ball
1-0: Ball
2-0: Called Strike
2-1: Ground out 5-3 (Groundball, 56S, EV 85.6 MPH)
Batting: RHB Ron Essink 0-0: Foul Ball, location: 2F
0-1: Ball
1-1: Ball
2-1: Called Strike
2-2: Ground out 5-3 (Groundball, 5S, EV 69.4 MPH)
Batting: RHB Ryan Toth 0-0: Ball
1-0: Ball
2-0: Ball
3-0: Called Strike
3-1: DOUBLE (Line Drive, 7LM, EV 107.5 MPH)
Batting: RHB Dave DeLaMater 0-0: Called Strike
0-1: Ground out 1-3 (Groundball, 13S, EV 75.0 MPH)
Bottom of the 8th over - 0 runs, 1 hit, 0 errors, 1 left on base; University of Illinois 2 - Washington State University 5
TOP OF THE 9TH
University of Illinois Fighting Illini batting - Pitching for Washington State University Cougars : RHP Manuel Santiago
Pitching: RHP Arthur Scholten
Batting: RHB Lance Borgen 0-0: Swinging Strike
0-1: Foul Ball, location: 2F
0-2: Ball
1-2: Strikes out swinging
Batting: RHB Omar Cruz 0-0: Fly out, F7 (Flyball, 7S, EV 88.8 MPH)
Batting: RHB Joe Kirschner 0-0: Ball
1-0: Ball
2-0: Foul Ball, location: 2F
2-1: Ground out 6-3 (Groundball, 6, EV 81.9 MPH)
Top of the 9th over - 0 runs, 0 hits, 0 errors, 0 left on base; University of Illinois 2 - Washington State University 5
Sunday, July 16th , 2023 - OOTP Baseball 24.6 Build 69